[Event "WWRR O55-Group 2024"]
[Site "Wachtebeke"]
[Date "2024.02.12"]
[Round "1.1"]
[White "Motwani, Paul"]
[Black "Van Steenkiste, Luc"]
[Result "1-0"]
[ECO "B01"]
[WhiteElo "2421"]
[BlackElo "1721"]
[Annotator "TA"]
[PlyCount "31"]
[EventDate "2024.02.12"]
[EventType "swiss"]
[EventCountry "BEL"]
[SourceTitle "playchess.com"]
[Source "ChessBase"]
[SourceQuality "1"]
[TimeControl "40/5400+30:900+30"]

1. e4 d5 2. exd5 Nf6 3. Nf3 Qxd5 4. Nc3 Qh5 5. d4 Bg4 6. Bf4 Bxf3 7. gxf3 c6 {[%emt 0:05:03] Prevents Nb5.} 8. Qe2 {[%emt 0:06:05] White is slightly better.} e6 9. O-O-O {[%emt 0:07:01][%cal Od4d5] Threatens to win with d5!} Nbd7 {[%emt 0:16:26] [#]} 10. d5 Qf5 (10... cxd5 11. Nb5 Rc8 12. Nxa7 $15) (10... Nxd5 $17 11. Nxd5 cxd5) 11. Bg3 $11 {[%emt 0:01:56] And now dxe6 would win.} Be7 ({Much weaker is} 11... Nxd5 $6 12. Nxd5 cxd5 13. Qb5 $16) (11... cxd5 $11 12. Nb5 Rc8) 12. dxe6 $16 fxe6 {[%emt 0:00:43] [#] Black cannot hold the game after this.} (12... Qxe6 $14 13. Qxe6 fxe6) 13. h4 $1 $18 {[%emt 0:00:50] Strongly threatening Bh3.} O-O-O $2 (13... Nh5 14. Bh3 Nxg3 15. fxg3 Qg6 16. Bxe6 (16. Qxe6 Qxe6 17. Bxe6 Nc5 $18) 16... Nc5) 14. Bh3 {[%emt 0:01:42] This pair of bishops is nice. White is clearly winning.} Qa5 15. Qxe6 Rhe8 16. Qf7 {[%emt 0:02:27] Weighted Error Value: White=0.18 (very precise) /Black=1.03.  Loses game:     	---       	Black=1      Mistake:       	White=1     	Black=3      Inaccurate:     	---       	Black=3      OK:         	White=3     	Black=1      Best:        	White=1     	---        Strong:       	White=1     	---} 1-0

[Event "WWRR O55-Group 2024"]
[Site "Wachtebeke"]
[Date "2024.02.12"]
[Round "1.2"]
[White "Van Houtte, Filip"]
[Black "Krygelmans, Johan"]
[Result "0-1"]
[ECO "D40"]
[WhiteElo "1710"]
[BlackElo "2052"]
[Annotator "NA RC"]
[PlyCount "57"]
[EventDate "2024.02.12"]
[EventType "swiss"]
[EventCountry "BEL"]
[SourceTitle "playchess.com"]
[Source "ChessBase"]
[SourceQuality "1"]
[TimeControl "40/5400+30:900+30"]

1. d4 Nf6 2. Nf3 e6 3. c4 c5 4. e3 d5 5. cxd5 exd5 6. Nc3 a6 7. Be2 Nc6 8. a3 c4 9. Qc2 Be7 10. O-O Na5 11. Bd2 b5 12. e4 Nb3 13. Rad1 Bb7 14. exd5 O-O 15. Be3 Nxd5 16. Nxd5 Qxd5 17. Ne1 Rfd8 18. Bf3 Qd7 19. Be4 Bxe4 20. Qxe4 Bf6 21. Nf3 Qd5 22. Qc2 a5 23. Qc3 Rab8 24. Nd2 Nxd4 25. Qxa5 Ra8 26. Qc7 Rd7 27. Qb6 Rb7 28. Nxc4 bxc4 29. Rxd4 0-1

[Event "WWRR O55-Group 2024"]
[Site "Wachtebeke"]
[Date "2024.02.12"]
[Round "2.1"]
[White "Versporten, Wim"]
[Black "Motwani, Paul"]
[Result "0-1"]
[ECO "A41"]
[WhiteElo "1942"]
[BlackElo "2421"]
[Annotator "TA"]
[PlyCount "62"]
[EventDate "2024.02.12"]
[EventType "swiss"]
[EventCountry "BEL"]
[SourceTitle "playchess.com"]
[Source "ChessBase"]
[SourceQuality "1"]
[TimeControl "40/5400+30:900+30"]

1. d4 g6 2. Nf3 Bg7 3. Bf4 d6 4. e3 Nd7 5. h3 e5 6. Bh2 Nh6 7. Be2 O-O 8. O-O e4 {[%emt 0:07:21] The position is equal.} 9. Nfd2 f5 10. c4 Nf6 11. Nc3 Nf7 12. b4 Bd7 13. c5 d5 14. Nb5 Ne8 15. Nc3 Be6 (15... Nf6 $11) 16. Nb3 Qe7 17. a4 Bh6 18. Na5 Nd8 19. Qd2 Rc8 20. Nb5 (20. b5 $16) 20... a6 21. Nc3 g5 22. f3 exf3 23. gxf3 (23. Bxf3 $14 c6 24. Be2) 23... f4 $15 24. e4 (24. Rae1 $1 $15 {was preferrable.}) 24... Nf6 25. Nxd5 Nxd5 26. exd5 Bxd5 27. Rfe1 (27. Kg2 $17) 27... Qd7 $19 28. c6 (28. Bc4 $142) 28... Nxc6 ({Not} 28... Bxc6 29. Nxc6 Nxc6 30. Kg2 $15) ({But not} 28... Qxh3 29. cxb7 Nxb7 30. Bc4 Bxc4 (30... Qxf3 $2 31. Bxd5+ Qxd5 32. Re5 $19) 31. Nxc4) 29. Nxb7 (29. Nxc6 bxc6 (29... Qxc6 $2 30. b5 $19) 30. Bxa6) 29... Bg7 {[%emt 0:02:40] Black is clearly winning.} 30. Kg2 Nxd4 31. Nc5 {[%emt 0:00:38] [#]} Nxf3 $1 {[%emt 0:13:14][%mdl 512] Weighted Error Value: White=0.53/Black=0.12 (very precise) .  Mistake:       	White=6     	Black=1      Inaccurate:     	White=2     	Black=4      OK:         	White=7     	Black=7} 0-1

[Event "WWRR O55-Group 2024"]
[Site "Wachtebeke"]
[Date "2024.02.12"]
[Round "2.2"]
[White "Krygelmans, Johan"]
[Black "Aleinikov, Philip V."]
[Result "1-0"]
[ECO "D35"]
[WhiteElo "2052"]
[BlackElo "2039"]
[Annotator "NA RC"]
[PlyCount "46"]
[EventDate "2024.02.12"]
[EventType "swiss"]
[EventCountry "BEL"]
[SourceTitle "playchess.com"]
[Source "ChessBase"]
[SourceQuality "1"]
[TimeControl "40/5400+30:900+30"]

1. d4 d5 2. c4 e6 3. Nc3 Nf6 4. Bg5 Be7 5. cxd5 exd5 6. e3 c6 7. Bd3 Bg4 8. Qc2 Nbd7 9. Nge2 Bxe2 10. Nxe2 h6 11. Bh4 Qa5+ 12. Nc3 g5 13. Bg3 Nh5 14. Bf5 O-O-O 15. a3 Nxg3 16. hxg3 Kb8 17. O-O Qc7 18. Rfc1 Nf8 19. b4 Ne6 20. Qb3 Qb6 21. Rab1 Rd7 22. Na4 Qc7 23. b5 Rd6 1-0

[Event "WWRR O55-Group 2024"]
[Site "Wachtebeke"]
[Date "2024.02.12"]
[Round "3.1"]
[White "Motwani, Paul"]
[Black "Krygelmans, Johan"]
[Result "1-0"]
[ECO "A46"]
[WhiteElo "2421"]
[BlackElo "2052"]
[Annotator "TA"]
[PlyCount "43"]
[EventDate "2024.02.12"]
[EventType "swiss"]
[EventCountry "BEL"]
[SourceTitle "playchess.com"]
[Source "ChessBase"]
[SourceQuality "1"]
[TimeControl "40/5400+30:900+30"]

1. d4 Nf6 2. Nf3 e6 3. Bf4 c5 4. e3 Qb6 5. Na3 d5 6. Nb5 Na6 {[%emt 0:00:45] Wards off Bc7} 7. a4 c4 (7... Be7 $11 {keeps the balance.}) 8. Be2 {[%emt 0:02:48] White is better.} Bd7 9. O-O Rc8 (9... Be7 $14) 10. Ne5 Nb8 11. b3 a6 {[%emt 0:00:44] [#]} 12. bxc4 {[%emt 0:01:25] aiming for c5. White has more active pieces. The black rooks are passive.} axb5 13. axb5 Ne4 {[%emt 0:08:06] Loses the game.} (13... dxc4 $16 14. Bxc4 (14. Nxc4 Qd8 $11) 14... Nd5 (14... Bxb5 $2 {too greedy.} 15. Qb1 $18)) 14. Bd3 $18 Be7 15. c5 Bxc5 16. dxc5 Qxc5 17. Qg4 Kf8 $2 {[%emt 0:07:28] [#]} (17... h5 {was called for.} 18. Qxg7 Qf8 19. Qxf8+ Rxf8) 18. Bxe4 dxe4 19. Rfd1 h5 20. Qg5 {[%emt 0:07:00] White is clearly winning.} ({Not} 20. Nxd7+ Nxd7 21. Qe2 Ne5 $16) 20... Qc3 (20... Kg8 $142 21. Nxd7 Qxg5) 21. Nxf7 Rg8 22. Nd6 {[%emt 0:00:28] Weighted Error Value: White=0.31/Black=0.64.  Mistake:       	---       	Black=5      Inaccurate:     	White=2     	Black=3      OK:         	White=6     	Black=2      Best:        	White=1     	Black=2} 1-0

[Event "WWRR O55-Group 2024"]
[Site "Wachtebeke"]
[Date "2024.02.12"]
[Round "3.2"]
[White "Hummel, Joop"]
[Black "Coste, Thierry"]
[Result "1-0"]
[ECO "A55"]
[WhiteElo "1983"]
[BlackElo "2055"]
[Annotator "NA RC"]
[PlyCount "85"]
[EventDate "2024.02.12"]
[EventType "swiss"]
[EventCountry "BEL"]
[SourceTitle "playchess.com"]
[Source "ChessBase"]
[SourceQuality "1"]
[TimeControl "40/5400+30:900+30"]

1. Nf3 Nf6 2. d4 d6 3. c4 Nbd7 4. Nc3 e5 5. e4 Be7 6. Be2 O-O 7. O-O c6 8. Re1 Qc7 9. Bg5 Re8 10. Rc1 h6 11. Bh4 Nf8 12. h3 Ng6 13. Bg3 Bf8 14. Bf1 b6 15. b4 Qb7 16. Qb3 a6 17. Rb1 b5 18. d5 Bd7 19. Rbc1 Rac8 20. Bd3 Nh5 21. dxc6 Bxc6 22. Nd5 Nhf4 23. cxb5 axb5 24. Bxf4 Nxf4 25. Nxf4 exf4 26. Nd4 Bd7 27. Qd5 Qb6 28. Rxc8 Rxc8 29. Nxb5 Be6 30. Qd4 Qxd4 31. Nxd4 Bxa2 32. b5 Be6 33. b6 Bd7 34. b7 Rb8 35. Ba6 d5 36. Rc1 Bd6 37. exd5 Kh7 38. Rc6 Be5 39. Nf3 Bxc6 40. dxc6 Bc7 41. Nd4 Rd8 42. Nb5 Bb6 43. Kf1 1-0

[Event "WWRR O55-Group 2024"]
[Site "Wachtebeke"]
[Date "2024.02.13"]
[Round "4.1"]
[White "Theon, Pierre"]
[Black "Motwani, Paul"]
[Result "0-1"]
[ECO "B72"]
[WhiteElo "2032"]
[BlackElo "2421"]
[Annotator "TA"]
[PlyCount "70"]
[EventDate "2024.02.12"]
[EventType "swiss"]
[EventCountry "BEL"]
[SourceTitle "playchess.com"]
[Source "ChessBase"]
[SourceQuality "1"]
[TimeControl "40/5400+30:900+30"]

1. e4 g6 2. d4 Bg7 3. Nc3 d6 4. Be3 Nf6 5. Qd2 O-O 6. Bh6 c5 7. Nf3 cxd4 8. Nxd4 Bxh6 9. Qxh6 Qb6 10. O-O-O Nc6 11. Qd2 Nxd4 12. Qxd4 Qxd4 13. Rxd4 {[%emt 0:00:00] The position is equal.} Be6 14. Nd5 Bxd5 15. exd5 Rfc8 16. Bc4 Rc7 17. a4 Rac8 18. b3 (18. Bb3 $11 {was preferrable.}) 18... Kf8 (18... Nd7 $1 $15) 19. Kb2 $11 Rc5 20. Rhd1 a6 {[%emt 0:13:24] [#]} 21. a5 $1 Nd7 (21... Rxa5 22. b4 Rxc4 (22... Ra4 $2 23. Bb3 $18) 23. Rxc4 $16) 22. R1d2 (22. Rc1 $1 $11 {should be considered.}) 22... Rxa5 $15 23. b4 $1 {[%emt 0:00:00] [#] Prevents Rac5} Nb6 $1 24. Bb3 (24. bxa5 $2 Nxc4+ 25. Kb3 Nxd2+ 26. Rxd2 Rc5 $17) 24... Rb5 25. h4 h6 26. g4 Rc7 27. f4 a5 28. c3 Nd7 {[%emt 0:00:40] [#]} (28... Kg7 $11) 29. Re2 $2 (29. Rc4 $1 $16 Rxc4 30. Bxc4) 29... Rb6 $36 {[%emt 0:00:25][%mdl 2048] White is under pressure.} 30. g5 (30. bxa5 $2 Rb5 31. Re3 Rxa5 $19) 30... h5 31. Rde4 (31. bxa5 $2 {too greedy.} Rb5 32. Re3 Rxa5 $19) 31... Nb8 32. bxa5 Rb5 33. f5 gxf5 34. Rf4 Nd7 {[%emt 0:00:19] And now ...Nc5 would win.} ({Don't take} 34... Rxa5 35. Rxf5 Nd7 36. g6 $17) 35. Rxf5 $2 (35. c4 Rxa5 36. Rxf5) 35... Nc5 {[%emt 0:00:44] Weighted Error Value: White=0.38/Black=0.17 (very precise) .  Mistake:       	White=4     	Black=2      Inaccurate:     	White=2     	Black=2      OK:         	White=6     	Black=11     Best:        	---       	Black=3      Strong:       	White=1     	Black=1} ({Not} 35... Rxa5 36. g6 Nf6 37. gxf7 $15) 0-1

[Event "WWRR O55-Group 2024"]
[Site "Wachtebeke"]
[Date "2024.02.13"]
[Round "4.2"]
[White "Krygelmans, Johan"]
[Black "Hummel, Joop"]
[Result "1-0"]
[ECO "E73"]
[WhiteElo "2052"]
[BlackElo "1983"]
[Annotator "NA RC"]
[PlyCount "53"]
[EventDate "2024.02.12"]
[EventType "swiss"]
[EventCountry "BEL"]
[SourceTitle "playchess.com"]
[Source "ChessBase"]
[SourceQuality "1"]
[TimeControl "40/5400+30:900+30"]

1. d4 Nf6 2. c4 c5 3. d5 d6 4. Nc3 g6 5. e4 Bg7 6. Be2 O-O 7. Bf4 a6 8. Nf3 b5 9. Nd2 b4 10. Na4 Qc7 11. O-O Nbd7 12. Qc2 Ne5 13. b3 Nh5 14. Bxh5 gxh5 15. Rae1 f5 16. Bg5 h6 17. Bh4 Ng6 18. Nf3 f4 19. h3 Nxh4 20. Nxh4 f3 21. Re3 fxg2 22. Kxg2 e5 23. Qe2 Bd7 24. Rg3 Rf4 25. Qxh5 Be8 26. Qxh6 Bd7 27. Qh5 1-0

[Event "WWRR O55-Group 2024"]
[Site "Wachtebeke"]
[Date "2024.02.14"]
[Round "5.1"]
[White "Motwani, Paul"]
[Black "Coste, Thierry"]
[Result "1-0"]
[ECO "B27"]
[WhiteElo "2421"]
[BlackElo "2055"]
[Annotator "TA"]
[PlyCount "99"]
[EventDate "2024.02.12"]
[EventType "swiss"]
[EventCountry "BEL"]
[SourceTitle "playchess.com"]
[Source "ChessBase"]
[SourceQuality "1"]
[TimeControl "40/5400+30:900+30"]

1. e4 c5 2. Nf3 g6 3. c3 Bg7 4. d4 cxd4 5. Bc4 d6 6. cxd4 e6 7. Nc3 Ne7 8. O-O {[%emt 0:07:17] White is slightly better.} O-O 9. Bb3 b6 (9... Nbc6 $11 {keeps the balance.}) 10. Be3 Bb7 11. Rc1 a6 12. Qd2 Re8 (12... b5 $14) 13. Bg5 Nd7 14. Qf4 Qb8 15. Qh4 Nc8 ({Black should play} 15... Nc6 $14) 16. Rfd1 (16. Bh6 $142 {Bxg7 is the strong threat.} f6 17. a4) 16... b5 $16 17. a3 Ncb6 18. Bh6 Nf8 ({Black should try} 18... Qd8 $14 19. Ng5 Nf8) 19. Bf4 Nc8 20. Qg3 {[%emt 0:02:38] White has more active pieces. The black rooks are passive.} Rd8 21. Bc2 (21. d5 $16 {Threatens to win with dxe6.} e5 22. Be3) 21... Nb6 $14 22. Bd3 Rd7 23. Ne2 (23. b3 $14) 23... Qd8 24. Bd2 Nc8 25. h4 Qb6 {[%emt 0:02:38] [#]} (25... h5 $14) 26. h5 $1 $16 Na7 (26... Ne7 27. h6) 27. Be3 Qd8 28. h6 ({Better is} 28. Bg5 Qe8 29. h6) 28... Bh8 29. Nd2 (29. Bg5 $142 f6 30. Be3) 29... Nc8 30. Nb3 Ne7 31. f3 {[%emt 0:00:36] Black is weak on the dark squares} Rb8 32. Qe1 Ba8 33. Qa5 (33. Bg5 $142) 33... Bb7 34. Qxd8 Rbxd8 35. Na5 Ba8 36. g4 Rb8 37. Rc2 f6 38. Rdc1 Kf7 39. Nc3 (39. g5 $16) 39... g5 (39... d5 $14) 40. Na2 {[%emt 0:00:11] aiming for Nb4.} d5 41. Nb4 $36 {[%emt 0:05:26][%mdl 2048] White is on the roll.} Rb6 {[%emt 0:01:13] Loses the game.} (41... dxe4 $16 {was necessary.} 42. fxe4 Rbd8) 42. Nb3 Ra7 43. Rc7 Rxc7 44. Rxc7 Bc6 (44... dxe4 $142 45. Bxe4 (45. fxe4 f5 $18) 45... Bxe4) 45. Ra7 $18 {[%emt 0:04:13] White is clearly winning.} Nfg6 46. Nc5 Nf4 47. Bf1 f5 (47... Nfg6 $142 48. Ncxa6 (48. Nbxa6 Kg8 $18) 48... Nf4) 48. e5 (48. Nbxa6 dxe4 49. fxe4 Bxe4 50. Nxe4 fxe4 $18) 48... Be8 49. gxf5 exf5 50. Bxf4 {[%emt 0:00:18] Weighted Error Value: White=0.25 (precise) /Black=0.35.  Mistake:       	White=7     	Black=9      Inaccurate:     	White=6     	Black=12     OK:         	White=9     	Black=6      Best:        	White=1     	Black=4} 1-0

[Event "WWRR O55-Group 2024"]
[Site "Wachtebeke"]
[Date "2024.02.14"]
[Round "5.2"]
[White "DeBuck, Valere"]
[Black "Versporten, Wim"]
[Result "1/2-1/2"]
[ECO "B07"]
[WhiteElo "1812"]
[BlackElo "1942"]
[Annotator "NA RC"]
[PlyCount "49"]
[EventDate "2024.02.12"]
[EventType "swiss"]
[EventCountry "BEL"]
[SourceTitle "playchess.com"]
[Source "ChessBase"]
[SourceQuality "1"]
[TimeControl "40/5400+30:900+30"]

1. d4 Nf6 2. g3 d6 3. Bg2 Nbd7 4. e4 e5 5. Ne2 Be7 6. O-O O-O 7. h3 Re8 8. Nbc3 c6 9. a4 {[%emt 0:01:51] B07: Pirc Defence: Miscellaneous Systems.} a5 10. Be3 Bf8 11. d5 Qc7 12. g4 Nb8 13. Ng3 Nfd7 14. Qd2 Na6 15. Nf5 Ndc5 16. b3 Bxf5 17. exf5 Be7 18. Bg5 Bxg5 19. Qxg5 f6 20. Qd2 Nb4 21. Rad1 Rad8 22. Qe2 Re7 $14 23. Rd2 Ree8 24. Rfd1 Kf8 25. Qc4 1/2-1/2

[Event "WWRR O55-Group 2024"]
[Site "Wachtebeke"]
[Date "2024.02.15"]
[Round "6.1"]
[White "Motwani, Paul"]
[Black "DeBuck, Valere"]
[Result "1-0"]
[ECO "B30"]
[WhiteElo "2421"]
[BlackElo "1812"]
[Annotator "TA"]
[PlyCount "57"]
[EventDate "2024.02.12"]
[EventType "swiss"]
[EventCountry "BEL"]
[SourceTitle "playchess.com"]
[Source "ChessBase"]
[SourceQuality "1"]
[TimeControl "40/5400+30:900+30"]

1. e4 c5 2. Nf3 Nc6 3. Bb5 Nd4 4. Nxd4 cxd4 5. O-O e6 6. c3 Qb6 (6... Bc5 $11) 7. a4 $16 a6 8. Be2 {[%emt 0:01:55] White is better.} Nf6 9. a5 Qa7 10. d3 d5 11. cxd4 Qxd4 12. Ra4 Qe5 13. f4 Qc7 14. e5 Nd7 15. d4 Nb8 16. Nc3 Bd7 17. f5 {[%emt 0:08:05][%cal Of5e6] Black must now prevent fxe6!} Bxa4 ({Black should play} 17... Nc6 $14) 18. Nxa4 Nc6 $2 {[%emt 0:00:15] [#] This move loses the game for Black.} (18... Nd7 $16) 19. fxe6 $18 fxe6 20. Nb6 Rc8 (20... Rb8 21. Bd3 Nxe5) 21. Bh5+ g6 22. Qg4 Nxd4 {[%emt 0:01:00] [#]} 23. Bxg6+ $1 {[%emt 0:00:35] White mates.} (23. Qxd4 $2 {loses.} Bc5 (23... gxh5 24. Qh4 $11) 24. Be3 Bxd4 $19) 23... hxg6 24. Qxg6+ (24. Qxd4 $2 {too greedy.} Bc5 25. Be3 Bxd4 $19) 24... Kd8 25. Rxf8+ $1 Rxf8 26. Bg5+ Qe7 27. Bxe7+ Kxe7 28. Qg7+ Rf7 29. Nxc8+ {[%emt 0:00:00] Weighted Error Value: White=0.02 (flawless) /Black=0.66.  Mistake:       	---       	Black=4      Inaccurate:     	White=1     	Black=1      OK:         	White=9     	Black=5      Best:        	White=2     	---} 1-0